 Dungeon Crawl Stone Soup version 0.24.0-37-gcf1ca852f1 (webtiles) character file.

Game seed: 884945969412577773, levelgen mode: deterministic

64 Descartes the Skirmisher (level 4, -1/37 HPs)
             Began as a Formicid Abyssal Knight on Nov 22, 2019.
             Was a Follower of Lugonu.
             Slain by Natasha (7 damage)
             ... on level 2 of the Dungeon.
             The game lasted 00:03:46 (2287 turns).

Descartes the Skirmisher (Formicid Abyssal Knight)  Turns: 2287, Time: 00:03:46

Health: -1/37      AC:  4    Str: 17    XL:     4   Next: 32%
Magic:  14/14      EV: 11    Int: 12    God:    Lugonu [*.....]
Gold:   213        SH:  0    Dex: 10    Spells: 3/3 levels left

rFire    . . .     SeeInvis +   a - +1 hand axe
rCold    . . .     Gourm    .   (no shield)
rNeg     . . .     Faith    .   b - +0 leather armour
rPois    .         Spirit   .   (helmet unavailable)
rElec    .         Reflect  .   (no cloak)
rCorr    .         Harm     .   (no gloves)
MR       .....                  n - +0 pair of boots
Stlth    +.........             (no amulet)
HPRegen  0.12/turn              (no ring)
MPRegen  0.14/turn              j - ring of magical power

@: no status effects
A: permanent stasis, dig shafts and tunnels, four strong arms, antennae 3
a: Dig, Shaft Self, Depart the Abyss, Renounce Religion


You were on level 2 of the Dungeon.
You worshipped Lugonu.
Lugonu was aware of your devotion.
You were not hungry.

You visited 1 branch of the dungeon, and saw 2 of its levels.
You visited the Abyss 1 time.

You collected 213 gold pieces.

Inventory:

Hand Weapons
 a - a +1 hand axe (weapon)
Missiles
 g - 125 stones (quivered)
 h - a throwing net
 q - 35 arrows
 v - 5 javelins
 x - 16 bolts
Armour
 b - a +0 leather armour (worn)
 n - a +0 pair of boots (worn)
 r - a +0 cloak
Jewellery
 j - a ring of magical power (right hand)
Wands
 u - a wand of iceblast (11)
Scrolls
 e - 2 scrolls of teleportation {unknown}
 f - a scroll of remove curse
 l - a scroll of enchant weapon {unknown}
 m - a scroll of amnesia {unknown}
 p - 3 scrolls of identify {unknown}
 w - a scroll of fog {unknown}
Potions
 d - a potion of ambrosia {unknown}
 i - a potion of agility {unknown}
 k - 2 potions of brilliance {unknown}
 o - a potion of berserk rage {unknown}
 t - a potion of haste {unknown}
Comestibles
 c - 4 rations
 s - 4 chunks of flesh


   Skills:
 + Level 3.9 Fighting
 + Level 3.2 Axes
 + Level 2.6 Armour
 + Level 1.0 Dodging
 + Level 0.8 Stealth
 + Level 2.4 Invocations


You had 3 spell levels left.
You didn't know any spells.
Your spell library was empty.

Dungeon Overview and Level Annotations

Branches:
Dungeon (2/15)

Altars:
Nemelex Xobeh

Annotations:
D:2 Natasha


Innate Abilities, Weirdness & Mutations

You cannot be hasted, slowed, berserked, paralysed or teleported.
You can dig through walls and to a lower floor.
Your four strong arms can wield two-handed weapons with a shield.
You have a pair of large antennae on your head. (SInv)


Message History

Natasha zaps a wand.
The puff of flame hits you.
You hit Natasha.
Natasha is lightly wounded.
Natasha claws you!
You hit Natasha.
Natasha is moderately wounded.
Natasha claws you but does no damage.
Natasha zaps a wand.
The puff of flame hits you!
You are too injured to fight recklessly!
You are too injured to fight recklessly!
You are too injured to fight recklessly!
You hit Natasha.
Natasha is heavily wounded.
Natasha stares at you and mumbles some strange words.
The magic dart hits you!
* * * LOW HITPOINT WARNING * * *
You hit Natasha.
Natasha is severely wounded.
Natasha claws you!
You die...

#.# #.# #.# #.# #####
#.######## #... ...#
#.##.....# #... #..#
##.##.###.#######
#...###..###...#.###.......#
#........##@.........#####.#
#....##...h..........# #.#
##....##..####.###...## #.#
#.........# #.# ##### #.#
#.........# #.# #.#
#.....##### ##'# #.# #.....#
##..>## #.# #.....#
##.....## ####.# ###..##
##.......## ##.##.#


You could see Natasha.

Vanquished Creatures
  Natasha (D:2)
  A leopard gecko (D:1)
  6 goblins
  6 hobgoblins
  3 jackals (D:2)
  3 kobolds (D:1)
  A quokka (D:2)
  6 bats
  6 frilled lizards
  4 rats
37 creatures vanquished.

Notes
Turn   | Place    | Note
-------+----------+-------------------------------------------
     0 | Abyss:1  | Descartes the Formicid Abyssal Knight began the quest for
                  | the Orb.
     0 | Abyss:1  | Reached XP level 1. HP: 18/18 MP: 2/2
    56 | Abyss:2  | Noticed a small abomination
    70 | Abyss:2  | Noticed a wretched star
    72 | Abyss:2  | Noticed a smoke demon
    73 | D:1      | Escaped the Abyss
   179 | D:1      | Reached XP level 2. HP: 19/24 MP: 3/3
   618 | D:1      | Reached * piety under Lugonu
   882 | D:1      | Reached XP level 3. HP: 29/30 MP: 4/4
  1587 | D:2      | Found a sparkling altar of Nemelex Xobeh.
  1699 | D:2      | Noticed Natasha
  1706 | D:2      | Killed Natasha
  1706 | D:2      | Reached skill level 1 in Dodging
  1706 | D:2      | Reached XP level 4. HP: 17/37 MP: 5/5
  2281 | D:2      | Noticed Natasha
  2287 | D:2      | Slain by Natasha

Levels and vault maps discovered:
D:1:      erik_arrival_cave_to_civilisation [erik_arrival_cave_to_hall],
          layout_basic
D:2:      layout_loops_corners, lemuel_round_altar, first_ration, uniq_natasha

Skill      XL: |  1  2  3  4 |
---------------+-------------+-----
Dodging        | 1 |  1.0
Axes           | 3 |  3.2
Fighting       | |  3.9
Armour         | |  2.6
Stealth        | |  0.8
Invocations    | |  2.4

Action                   |  1- 3 |  4- 6 || total
-------------------------+-------+-------++-------
Melee: Hand axe          |    66 |    41 ||   107
Invok: Depart the Abyss  |     1 |       ||     1
  Use: Scroll            |     1 |       ||     1
 Stab: Sleeping          |     1 |     1 ||     2
  Eat: Chunk             |     2 |     2 ||     4
Armor: Leather armour    |    15 |     7 ||    22
Dodge: Dodged            |    47 |    27 ||    74
